 Dungeon Crawl Stone Soup version 0.20.1-2-g1830e616b0 (webtiles) character file.

178996 prikolics the Earth Mage (level 18, -9/103 HPs)
             Began as a Gargoyle Earth Elementalist on Oct 22, 2019.
             Was the Champion of Vehumet.
             Mangled by an alligator snapping turtle (30 damage)
             ... on level 3 of the Shoals on Oct 31, 2019.
             The game lasted 06:29:40 (40634 turns).

prikolics the Earth Mage (GrEE)                    Turns: 40634, Time: 06:29:40

Health: -9/103     AC: 28    Str: 14    XL:     18   Next: 22%
Magic:  29/38      EV: 18    Int: 24    God:    Vehumet [******]
Gold:   1729       SH:  7    Dex: 10    Spells: 13/49 levels left

rFire    . . .     SeeInvis .   w - +5 eveningstar (drain)
rCold    . . .     Gourm    .   Q - +0 buckler
rNeg     + . .     Faith    .   r - +2 robe {MR+}
rPois    ∞         Spirit   .   o - +1 hat
rElec    +         Reflect  +   U - +2 cloak of Xom's Envy {Int+2}
rCorr    .         Harm     .   D - +2 pair of gloves
MR       ++++.                  f - +2 pair of boots
Stlth    ++........             G - amulet of Zin's Regard {Reflect MR+ SH+3}
Regen    0.3/turn               g - ring of protection from magic
MPRegen  0.3/turn               n - +3 ring of evasion

@: flying
A: big wings, negative energy resistance 1, electricity resistance, unbreathing,
petrification resistance, rot immunity, AC +13
a: Stop Flying, Renounce Religion


You were on level 3 of the Shoals.
You worshipped Vehumet.
Vehumet was exalted by your worship.
You were not hungry.

You visited 6 branches of the dungeon, and saw 25 of its levels.
You also visited: Ossuary and Ice Cave.

You collected 2520 gold pieces.
You spent 791 gold pieces at shops.

Inventory:

Hand Weapons
 p - the +10 rapier of Upheaval {freeze, rF+}
   (You took it off a merfolk on level 3 of the Shoals)

   It has been specially enchanted to freeze those struck by it, causing extra
   injury to most foes and up to half again as much damage against particularly
   susceptible opponents.
   It can also slow down cold-blooded creatures.
   It protects you from fire.
 w - a +5 eveningstar of draining (weapon)
Missiles
 C - 405 stones (quivered)
Armour
 f - a +2 pair of boots (worn)
 o - a +1 hat (worn)
 q - a +1 robe of fire resistance
 r - a +2 robe of magic resistance (worn)
 D - a +2 pair of gloves (worn)
 Q - a +0 buckler (worn)
 U - the +2 cloak of Xom's Envy (worn) {Int+2}
   (You found it on level 4 of the Lair of Beasts)

   It affects your intelligence (+2).
Magical Staves
 R - an uncursed staff of fire
Jewellery
 g - a ring of protection from magic (left hand)
 m - a +4 ring of dexterity
 n - a +3 ring of evasion (right hand)
 s - a +5 ring of protection
 G - the amulet of Zin's Regard (around neck) {Reflect MR+ SH+3}
   (You bought it in a shop on level 2 of the Orcish Mines)

   [amulet of reflection]

   It shields you and reflects attacks.
   It affects your resistance to hostile enchantments.
   It affects your SH (+3).
 P - the amulet of Cykir {RegenMP rC++}
   (You took it off a merfolk on level 4 of the Shoals)

   [amulet of magic regeneration]

   It increases your magic regeneration.
   It greatly protects you from cold.
Wands
 c - a wand of lightning (11/15)
 k - a wand of enslavement (19/24)
 t - a wand of digging (13/24)
 x - a wand of clouds (5/9)
 y - a wand of acid (5/15)
 F - a wand of polymorph (20/24)
 H - a wand of confusion (32/48)
 J - a wand of iceblast (0/15)
 K - a wand of polymorph (3/24)
Scrolls
 b - a scroll of enchant armour
 e - 2 scrolls of enchant weapon
 h - 6 scrolls of recharging
 j - 4 scrolls of magic mapping
 v - 7 scrolls of fear
 E - a scroll of holy word
 I - 5 scrolls of remove curse
 V - 10 scrolls of teleportation
Potions
 i - 2 potions of magic
 u - 3 potions of brilliance
 z - 5 potions of curing
 M - a potion of resistance
 N - 5 potions of might
 W - 2 potions of cancellation
 X - 2 potions of ambrosia
Books
 d - a book of Transfigurations

   Spells                             Type                      Level
   a - Irradiate                      Conjuration/Transmutation    5
   b - Statue Form                    Transmutation/Earth          6
   c - Hydra Form                     Transmutation                6
   d - Dragon Form                    Transmutation                7
 A - a book of Minor Magic

   Spells                             Type                      Level
   a - Magic Dart                     Conjuration                  1
   b - Blink                          Translocation                2
   c - Call Imp                       Summoning                    2
   d - Slow                           Hexes                        2
   e - Conjure Flame                  Conjuration/Fire             3
   f - Mephitic Cloud                 Conjuration/Poison/Air       3
Miscellaneous
 B - a crystal ball of energy
 L - a lightning rod (4/4)
 O - a phial of floods
Comestibles
 a - 7 royal jellies
 l - 5 chunks of flesh


   Skills:
 + Level 8.1 Fighting
 + Level 12.0 Maces & Flails
 - Level 0.3 Throwing
 - Level 6.0 Armour
 + Level 8.1 Dodging
 - Level 2.1 Stealth
 - Level 4.0 Shields
 + Level 16.0 Spellcasting
 + Level 11.5 Conjurations
 - Level 0.5 Necromancy
   Level 0.7 Transmutations
 + Level 7.4 Fire Magic
 + Level 17.6 Earth Magic
 + Level 4.7 Evocations


You had 13 spell levels left.
You knew the following spells:

 Your Spells              Type           Power        Failure   Level  Hunger
a - Sandblast             Erth           ######       0%          1    None
b - Stone Arrow           Conj/Erth      ######       0%          3    None
c - Lee's Rapid Deconstr  Erth           #######...   1%          5    #......
d - Sticky Flame          Conj/Fire      ######..     1%          4    None
e - Shatter               Erth           #######...   32%         9    #######
f - Bolt of Draining      Conj/Necr      #####.....   1%          5    #......
g - Iron Shot             Conj/Erth      ######....   1%          6    ####...
h - Conjure Flame         Conj/Fire      ######..     1%          3    None


Dungeon Overview and Level Annotations

Branches:
Dungeon (10/15)            Temple (1/1) D:4            Lair (6/6) D:10
 Shoals (4/4) Lair:4       Spider (0/4) Lair:2        Slime (0/5) Lair:6
    Orc (2/2) D:10            Elf (2/3) Orc:2

Altars:
Ashenzari
Cheibriados
Dithmenos
Elyvilon
Fedhas
Gozag
Hepliaklqana
Kikubaaqudgha
Makhleb
Nemelex Xobeh
Okawaru
Qazlal
Ru
Trog
Uskayaw
Vehumet
Xom
Yredelemnul
Zin

Shops:
D:5 %   D:6 :   D:7 *   D:9 }   Orc:1 !   Orc:2 =%**   Elf:1 (   Elf:2 *
Shoals:2 *

Annotations:
D:5 Eustachio
Lair:4 PeterLawrence's ghost, journeyman MiFi
Shoals:4 exclusion: oklob plant
Elf:2 Agnes


Innate Abilities, Weirdness & Mutations

You are resistant to torment.
Your stone body is resilient. (AC +13)
You are immune to poison.
Your large and strong wings let you fly indefinitely.
You resist negative energy. (rN+)
You are resistant to electric shocks. (rElec)
You can survive without breathing.
You are immune to petrification.
You are immune to rotting.


Message History

The alligator snapping turtle burns!
The merfolk hits you from afar with a trident!
The alligator snapping turtle burns!
The merfolk barely misses you.
The alligator snapping turtle bites you!!
* * * LOW HITPOINT WARNING * * *
You fly upwards.
There is a stone staircase leading down here.
Unknown command.
Okay, then.
Casting: Sticky Flame
Confirm with . or Enter, or press ? or * to list all spells.
Aiming: Iron Shot
Press: ? - help, Shift-Dir - straight line, f - alligator snapping turtle
Aim: an alligator snapping turtle (lightly wounded, covered in liquid flames)
The iron shot hits the alligator snapping turtle.
The alligator snapping turtle is moderately wounded.
The flames covering the alligator snapping turtle go out.
The alligator snapping turtle stops burning.
The alligator snapping turtle bites you!!
You die...

≈≈≈≈≈≈≈≈≈...≈≈≈.≈≈≈≈.##≈≈≈≈..#...
≈≈≈≈≈≈≈≈≈≈..≈....≈≈≈....≈≈≈......
≈≈≈≈≈≈≈≈≈≈≈≈≈≈≈.......P.≈≈≈≈≈≈.≈.
≈≈≈≈≈≈≈≈≈≈≈≈≈≈≈.....P(P≈≈(≈≈≈≈≈≈≈
≈≈≈≈≈≈≈≈≈≈≈≈≈≈.(...≈≈..≈≈≈≈≈≈≈.≈.
≈≈≈≈≈≈≈≈≈≈≈≈≈..P.≈PP≈P.≈≈≈≈≈≈..##
≈≈≈≈≈≈≈≈≈≈≈≈....P...PPP.(≈P≈≈≈.##
≈≈≈≈≈≈≈≈≈≈≈≈...tP.)((((<≈≈≈.≈(..#
≈≈≈≈≈≈≈≈≈≈≈≈....@.###(≈≈≈≈≈(≈≈...
≈≈≈≈≈≈≈≈≈≈≈≈......# #.≈≈≈≈≈≈.....
≈≈≈≈≈≈≈≈≈≈≈P≈≈P.P.###.≈≈≈≈≈≈≈≈...
≈≈≈≈≈≈≈≈≈≈≈≈P≈P.P....≈≈≈≈≈≈≈≈≈...
≈≈≈≈≈≈≈≈≈≈≈≈≈≈PPP...≈≈≈≈≈≈≈≈≈≈...
≈≈≈≈≈≈≈≈≈≈≈≈≈≈≈PP≈..≈P≈≈≈≈≈..###.
≈≈≈≈≈≈≈≈≈≈≈≈≈≈≈≈≈≈PP≈≈≈≈≈≈≈≈..##.
≈≈≈≈≈≈≈≈≈≈≈≈≈≈≈≈≈≈≈≈≈≈≈≈≈≈≈≈.....
≈≈≈≈≈≈≈≈≈≈≈≈≈≈≈≈≈≈≈≈≈≈PPP≈PP≈....


You could see an alligator snapping turtle.

Vanquished Creatures
  Nikola (Shoals:3)
  An Ice Fiend (IceCv)
  Gastronok (Lair:3)
  Ilsuiw (Shoals:4)
  Donald (Orc:2)
  A deep elf elementalist (Elf:2)
  A frost giant (Shoals:4)
  Nessos (Lair:5)
  The ghost of cotteux the Severer, a journeyman MiBe of Trog (Lair:4)
  A merfolk javelineer (Shoals:2)
  8 merfolk impalers
  Erolcha (Orc:1)
  Harold (Orc:1)
  4 hydras
  An ice dragon (Shoals:3)
  2 merfolk aquamancers
  4 merfolk avatars
  5 catoblepae
  An alligator snapping turtle (Shoals:3)
  5 two-headed ogres
  The ghost of PeterLawrence the Basher, a novice MiFi of Okawaru (Lair:2)
  21 death yaks
  A satyr (Shoals:3)
  16 dancing weapons
  Urug (Lair:2)
  An orc high priest (Orc:1)
  12 deep elf knights
  Sonja (Lair:2)
  Nergalle (Lair:2)
  11 sea snakes
  8 deep elf archers
  10 harpies
  5 orc knights
  33 deep elf magi
  A cyclops (shapeshifter) (Elf:2)
  3 orc sorcerers
  An oklob plant (Lair:2)
  15 manticores
  A centaur zombie (D:10)
  11 elephants
  6 cyclopes
  15 fauns
  5 black mambas
  13 merfolk sirens
  4 water nymphs
  2 ice statues (IceCv)
  11 spiny frogs
  3 komodo dragons
  An anaconda simulacrum (IceCv)
  A rime drake (Lair:3)
  A golden dragon simulacrum (IceCv)
  11 ice devils (IceCv)
  32 merfolk
  A queen bee (D:8)
  6 trolls
  2 polar bears (Lair:6)
  4 wind drakes
  2 slime creatures (Lair:6)
  12 hippogriffs
  Prince Ribbit (D:7)
  11 blink frogs
  13 snapping turtles
  7 dream sheep
  5 air elementals
  3 fire bats (Orc:2)
  47 yaks
  2 fire elementals (Elf:1)
  2 wyverns
  9 water elementals
  Grum (D:10)
  A dire elephant simulacrum (IceCv)
  A steam dragon (D:8)
  2 basilisks (Lair:3)
  A warg (D:10)
  14 two-headed ogre zombies (Orc:1)
  A harpy simulacrum (IceCv)
  5 iron troll simulacra (IceCv)
  Menkaure (D:4)
  A hydra simulacrum (IceCv)
  16 water moccasins
  7 porcupines
  41 orc warriors
  An ice beast (D:4)
  A phantom (D:7)
  2 sky beasts
  2 black bears
  2 necrophages
  12 ogres
  3 wolves (D:10)
  11 centaurs
  13 crocodiles
  18 bullfrogs
  An earth elemental (Elf:2)
  A water moccasin zombie (D:8)
  A wyvern skeleton (D:6)
  14 killer bees
  3 wights (D:8)
  A crimson imp (D:5)
  A bullfrog zombie (D:9)
  2 jellies
  5 hounds
  22 orc priests
  3 bullfrog skeletons
  4 centaur skeletons
  Natasha (D:2)
  5 iguanas
  10 worker ants
  Ijyb (D:4)
  16 orc wizards
  A killer bee zombie (D:5)
  2 ogre zombies (Orc:1)
  2 hound zombies (D:5)
  A hound skeleton (D:9)
  14 mummies (Ossuary)
  A howler monkey zombie (D:5)
  A gnoll (D:3)
  2 worker ant zombies
  10 adders
  4 shadow imps
  An ooze (D:3)
  An adder zombie (D:5)
  An adder skeleton (D:4)
  A worm (D:2)
  5 dart slugs
  3 leopard geckos
  76 orcs
  6 bats
  4 giant cockroaches
  4 goblins
  11 hobgoblins
  5 jackals (D:3)
  7 kobolds
  4 ball pythons
  9 frilled lizards
  A gnoll skeleton (Ossuary)
  A goblin skeleton (Ossuary)
  5 kobold skeletons (Ossuary)
  A leopard gecko zombie (D:5)
  An orc skeleton (Ossuary)
  5 rats
  11 rat skeletons (Ossuary)
  3 fungi
880 creatures vanquished.

Vanquished Creatures (others)
  A faun (Shoals:2)
  A manticore (Shoals:3)
  5 fungi
  18 plants
  7 tentacles (Shoals:2)
32 creatures vanquished.

Grand Total: 912 creatures vanquished

Notes
Turn   | Place    | Note
-------+----------+-------------------------------------------
     0 | D:1      | prikolics the Gargoyle Earth Elementalist began the quest for the Orb.
     0 | D:1      | Reached XP level 1. HP: 10/10 MP: 3/3
   361 | D:1      | Reached XP level 2. HP: 15/15 MP: 5/5
   617 | D:1      | Reached skill level 4 in Earth Magic
   754 | D:1      | Reached XP level 3. HP: 18/20 MP: 6/6
   759 | D:1      | Learned a level 3 spell: Stone Arrow
  1130 | D:2      | Noticed Natasha
  1462 | D:2      | Reached XP level 4. HP: 24/24 MP: 3/7
  1686 | D:3      | Reached skill level 1 in Maces & Flails
  1904 | D:3      | Found an iron altar of Okawaru.
  2072 | D:3      | Reached XP level 5. HP: 27/28 MP: 5/9
  2267 | D:4      | Reached skill level 5 in Earth Magic
  2533 | D:4      | Noticed Ijyb
  2800 | D:4      | Reached XP level 6. HP: 33/33 MP: 5/11
  2833 | D:5      | Entered Level 5 of the Dungeon
  2836 | D:5      | Noticed an ice beast
  2914 | D:4      | Found a staircase to the Ecumenical Temple.
  2939 | D:4      | Noticed an orc warrior
  3044 | D:6      | Noticed a black bear
  3053 | D:6      | Killed a black bear
  3053 | D:6      | Reached skill level 6 in Earth Magic
  3062 | D:6      | Found a sand-covered staircase.
  3071 | Ossuary  | Entered an ossuary
  3135 | Ossuary  | Reached XP level 7. HP: 37/37 MP: 6/13
  3820 | D:6      | Found Bymim's Book Shoppe.
  3833 | D:6      | Reached skill level 7 in Earth Magic
  3875 | D:7      | Reached skill level 5 in Spellcasting
  4038 | D:5      | Reached XP level 8. HP: 31/42 MP: 3/15
  4204 | D:5      | Reached skill level 1 in Fighting
  4204 | D:5      | Reached skill level 8 in Earth Magic
  4638 | D:5      | Noticed a hippogriff
  4694 | D:5      | Reached skill level 1 in Conjurations
  5155 | D:5      | Learned a level 5 spell: Lee's Rapid Deconstruction
  5167 | D:5      | Killed a hippogriff
  5280 | D:5      | Noticed Eustachio
  5309 | Temple   | Entered the Ecumenical Temple
  5485 | Temple   | Became a worshipper of Vehumet
  5609 | D:4      | Noticed Menkaure
  5623 | D:4      | Reached skill level 9 in Earth Magic
  5653 | D:4      | Reached XP level 9. HP: 40/48 MP: 11/18
  5657 | D:4      | Killed Ijyb
  5687 | D:2      | Killed Natasha
  6359 | D:4      | Killed Menkaure
  6610 | D:5      | Found Zujuzxeu's Food Boutique.
  7063 | D:6      | Reached * piety under Vehumet
  7063 | D:6      | Offered knowledge of Shock by Vehumet.
  7495 | D:7      | Noticed Prince Ribbit
  7497 | D:7      | Found Uczunuos's Assorted Antiques.
  7554 | D:8      | Noticed a two-headed ogre
  7559 | D:8      | Killed a two-headed ogre
  7559 | D:8      | Reached skill level 10 in Earth Magic
  7574 | D:8      | Reached XP level 10. HP: 48/54 MP: 5/21
  7596 | D:8      | Reached skill level 5 in Fire Magic
  7596 | D:8      | Reached XP level 11. HP: 56/58 MP: 8/24
  7716 | D:9      | Noticed a two-headed ogre
  7744 | D:9      | Killed a two-headed ogre
  7774 | D:9      | Found Annof's Gadget Shop.
  7912 | D:9      | Reached ** piety under Vehumet
  7944 | D:8      | Offered knowledge of Magic Dart by Vehumet.
  9000 | D:8      | Noticed a two-headed ogre
  9112 | D:8      | Killed a two-headed ogre
  9394 | D:8      | Reached skill level 11 in Earth Magic
  9716 | D:7      | Killed Prince Ribbit
  9716 | D:7      | Reached skill level 5 in Maces & Flails
  9716 | D:7      | Reached skill level 10 in Spellcasting
 10002 | D:7      | Offered knowledge of Throw Flame by Vehumet.
 10387 | D:9      | Got an ichor-stained hunting sling
 10390 | D:9      | Identified the +1 hunting sling "Cihopir" {speed, rF+++ rC- MP+9 Dex-3} (You found it on level 9 of the Dungeon)
 10797 | D:10     | Entered Level 10 of the Dungeon
 10797 | D:10     | Noticed a two-headed ogre
 10802 | D:10     | Killed a two-headed ogre
 10844 | D:10     | Reached *** piety under Vehumet
 11290 | D:10     | Found a staircase to the Orcish Mines.
 11473 | D:10     | Found a staircase to the Lair.
 11513 | D:9      | Reached XP level 12. HP: 55/64 MP: 11/26
 11578 | D:9      | Reached skill level 5 in Dodging
 11818 | D:10     | Offered knowledge of Sticky Flame by Vehumet.
 11834 | D:10     | Learned a level 4 spell: Sticky Flame
 11854 | D:10     | Found a stormy altar of Qazlal.
 12017 | D:10     | Noticed Grum
 12030 | D:10     | Killed Grum
 12466 | D:10     | Noticed a two-headed ogre
 12480 | D:10     | Killed a two-headed ogre
 12480 | D:10     | Reached skill level 12 in Earth Magic
 12823 | D:7      | Bought a paperback book for 300 gold pieces
 12859 | D:8      | Reached skill level 1 in Armour
 12939 | Lair:1   | Entered Level 1 of the Lair of Beasts
 13605 | Lair:1   | Reached **** piety under Vehumet
 13612 | Lair:1   | Offered knowledge of Lightning Bolt by Vehumet.
 13978 | Lair:2   | Noticed PeterLawrence's ghost (novice MiFi)
 14121 | Lair:2   | Noticed Nergalle
 14564 | Lair:2   | Killed PeterLawrence's ghost
 14639 | Lair:2   | Found a hole to the Spider Nest.
 14705 | Lair:2   | Noticed Urug
 14709 | Lair:2   | Noticed Sonja
 14730 | Lair:2   | Killed Urug
 14741 | Lair:2   | Killed Sonja
 15248 | Lair:3   | Reached XP level 13. HP: 70/70 MP: 13/28
 15621 | Lair:3   | Noticed Gastronok
 15642 | Lair:3   | Killed Gastronok
 16110 | Lair:4   | Reached skill level 5 in Armour
 16145 | Lair:4   | Reached skill level 13 in Earth Magic
 16282 | Lair:4   | Found a staircase to the Shoals.
 16351 | Lair:4   | Noticed cotteux's ghost (journeyman MiBe)
 16475 | Lair:6   | Entered Level 6 of the Lair of Beasts
 16540 | Lair:5   | Noticed Nessos
 16985 | Lair:6   | Found a staircase to the Slime Pits.
 17094 | Lair:6   | Reached ***** piety under Vehumet
 17174 | Lair:6   | Offered knowledge of Force Lance by Vehumet.
 17312 | Lair:6   | Gained mutation: Your large and strong wings let you fly indefinitely. [Gargoyle growth]
 17312 | Lair:6   | Reached XP level 14. HP: 67/76 MP: 9/30
 17799 | Lair:5   | Killed Nessos
 18098 | Lair:4   | Noticed PeterLawrence's ghost (journeyman MiFi)
 18113 | Lair:5   | Reached skill level 5 in Fighting
 18649 | Lair:5   | Reached skill level 14 in Earth Magic
 19374 | Lair:4   | Got a slimy cloak
 19392 | Lair:4   | Identified the +2 cloak of Xom's Envy {Int+2} (You found it on level 4 of the Lair of Beasts)
 21209 | Lair:6   | Identified Sif Muna's Collected Works on the Ashen Glacier
 21225 | Lair:6   | Learned a level 9 spell: Shatter
 21441 | Lair:6   | Reached XP level 15. HP: 71/82 MP: 32/32
 22066 | Lair:2   | Killed Nergalle
 22643 | Orc:1    | Entered Level 1 of the Orcish Mines
 22676 | Orc:1    | Noticed Harold
 22677 | Orc:1    | Reached skill level 15 in Earth Magic
 22694 | Orc:1    | Killed Harold
 22707 | Orc:1    | Found Ylumanon's Distillery.
 22942 | Orc:1    | Bought a potion of heal wounds for 60 gold pieces
 22942 | Orc:1    | Bought a potion of heal wounds for 60 gold pieces
 23015 | Orc:1    | Reached skill level 1 in Shields
 23143 | Orc:1    | Noticed Erolcha
 23158 | Orc:1    | Killed Erolcha
 23384 | Orc:2    | Entered Level 2 of the Orcish Mines
 23437 | Orc:2    | Found a staircase to the Elven Halls.
 23865 | Orc:2    | Offered knowledge of Bolt of Draining by Vehumet.
 24123 | Orc:1    | Learned a level 5 spell: Bolt of Draining
 24652 | Orc:2    | Noticed Donald
 24808 | Orc:2    | Killed Donald
 25278 | Orc:2    | Found Sahil's Assorted Antiques.
 25278 | Orc:2    | Found Imitzeq's Food Shoppe.
 25278 | Orc:2    | Found Geskun's Jewellery Emporium.
 25281 | Orc:2    | Found Eschaut's Assorted Antiques.
 25295 | Orc:2    | Bought a coiled pewter amulet for 135 gold pieces
 25295 | Orc:2    | Identified the amulet of Zin's Regard {Reflect MR+ SH+3} (You bought it in a shop on level 2 of the Orcish Mines)
 25560 | Elf:1    | Entered Level 1 of the Elven Halls
 25814 | Elf:1    | Found Nutexkum's Antique Weapon Shoppe.
 26054 | Elf:1    | You are sucked into a shaft!
 26167 | Elf:2    | Found Morerr's Assorted Antiques.
 26178 | Elf:2    | Bought a murky purple potion for 36 gold pieces
 26263 | Elf:1    | Reached skill level 16 in Earth Magic
 26852 | Shoals:1 | Entered Level 1 of the Shoals
 26905 | Shoals:1 | Reached XP level 16. HP: 66/88 MP: 27/34
 27629 | Shoals:1 | Offered knowledge of Freezing Cloud by Vehumet.
 29143 | Shoals:2 | Found Jet Bapn's General Store.
 29723 | Shoals:2 | Reached skill level 10 in Conjurations
 29724 | Shoals:2 | Reached skill level 10 in Maces & Flails
 30036 | Shoals:2 | Reached skill level 15 in Spellcasting
 30224 | Shoals:2 | Noticed a kraken
 30692 | Shoals:3 | Found a frozen archway.
 30701 | IceCv    | Entered an ice cave
 31408 | IceCv    | Noticed an Ice Fiend
 31854 | IceCv    | Killed an Ice Fiend
 32932 | Lair:4   | Killed cotteux's ghost
 34033 | Elf:1    | Reached XP level 17. HP: 96/96 MP: 26/36
 34375 | Elf:1    | Offered knowledge of Iron Shot by Vehumet.
 34389 | Elf:1    | Learned a level 6 spell: Iron Shot
 34397 | Elf:1    | Reached skill level 17 in Earth Magic
 34994 | Elf:2    | Bought a silver ring for 200 gold pieces
 35251 | Elf:2    | Found a runed gate.
 35252 | Elf:2    | Found a runed gate.
 35256 | Elf:2    | Found a runed gate.
 36548 | Elf:2    | Noticed Agnes
 37184 | Shoals:3 | Got an iridescent rapier {freeze}
 37435 | Shoals:3 | Learned a level 3 spell: Conjure Flame
 37447 | Shoals:3 | Noticed Nikola
 37482 | Shoals:3 | Killed Nikola
 37521 | Shoals:3 | Identified the +10 rapier of Upheaval {freeze, rF+} (You took it off a merfolk on level 3 of the Shoals)
 38598 | Shoals:4 | Entered Level 4 of the Shoals
 39026 | Shoals:4 | Got a transparent ruby amulet
 39027 | Shoals:4 | Identified the amulet of Cykir {RegenMP rC++} (You took it off a merfolk on level 4 of the Shoals)
 39086 | Shoals:4 | Reached XP level 18. HP: 54/103 MP: 14/37
 39525 | Shoals:4 | Noticed Ilsuiw
 40198 | Shoals:4 | Killed Ilsuiw
 40328 | Shoals:4 | Reached ****** piety under Vehumet
 40634 | Shoals:3 | Mangled by an alligator snapping turtle

Skill      XL: |  1  2  3  4  5  6  7  8  9 10 11 12 13 14 15 16 17 18 |
---------------+-------------------------------------------------------+-----
Earth Magic    | 4 5 6 7 9 10 11 12 13 14 16 17 | 17.6
Dodging        | 2 3 4 5 6 7 8 |  8.1
Maces & Flails | 1 2 3 5 6 7 8 9 10 11 12 | 12.0
Spellcasting   | 3 4 5 6 7 9 10 11 12 13 14 15 16 | 16.0
Fighting       | 1 2 3 4 5 6 7 8 |  8.1
Conjurations   | 2 3 7 8 9 10 11 | 11.5
Fire Magic     | 5 6 7 |  7.4
Evocations     | 4 |  4.7
Armour         | 3 6 |  6.0
Shields        | 2 4 |  4.0
Throwing       | |  0.3
Stealth        | |  2.1
Necromancy     | |  0.5
Transmutations | |  0.7

Action                   |  1- 3 |  4- 6 |  7- 9 | 10-12 | 13-15 | 16-18 || total
-------------------------+-------+-------+-------+-------+-------+-------++-------
Melee: Unarmed           |    18 |       |       |       |       |       ||    18
       Short sword       |    65 |       |       |       |       |       ||    65
       Whip              |    32 |    85 |   150 |       |       |       ||   267
       Mace              |       |       |    13 |   328 |    98 |       ||   439
       Flail             |       |       |       |    99 |     5 |       ||   104
       Morningstar       |       |       |       |    27 |   325 |       ||   352
       Eveningstar       |       |       |       |       |    48 |   492 ||   540
       Staff             |       |       |       |       |       |    29 ||    29
Throw: Javelin           |    20 |       |       |       |       |       ||    20
       Stone             |     3 |     1 |     1 |       |       |       ||     5
 Cast: Sandblast         |    19 |    79 |   108 |    66 |   255 |    56 ||   583
       Stone Arrow       |       |     2 |    59 |    91 |   140 |   196 ||   488
       Lee's Rapid Decon |       |       |     5 |    46 |   129 |    52 ||   232
       Sticky Flame      |       |       |       |    21 |   125 |   154 ||   300
       Bolt of Draining  |       |       |       |       |     5 |     6 ||    11
       Iron Shot         |       |       |       |       |       |    41 ||    41
 Abil: Fly               |       |       |       |       |     1 |     5 ||     6
       Stop Flying       |       |       |       |       |       |     5 ||     5
Evoke: Wand              |       |       |     1 |     4 |     8 |       ||    13
  Use: Scroll            |       |     8 |     3 |    18 |    13 |     9 ||    51
       Potion            |       |       |     5 |     3 |     6 |    10 ||    24
 Stab: Sleeping          |     2 |     1 |     2 |     1 |       |       ||     6
       Distracted        |       |       |       |       |     2 |       ||     2
  Eat: Chunk             |     2 |     1 |     8 |     3 |    10 |    22 ||    46
       Meat ration       |       |     1 |     1 |     4 |     2 |     1 ||     9
       Bread ration      |       |       |     2 |     2 |     4 |     4 ||    12
       Fruit             |       |       |       |     2 |     4 |     6 ||    12
       Royal jelly       |       |       |       |       |     4 |     2 ||     6
Armor: Robe              |    31 |    46 |    51 |   169 |    67 |   315 ||   679
       Troll leather arm |       |       |       |    51 |   334 |       ||   385
Dodge: Dodged            |    75 |    89 |   137 |   581 |   587 |   606 ||  2075
Block: Buckler           |       |       |       |       |    92 |   336 ||   428
       Reflection        |       |       |       |       |     3 |    44 ||    47
